 Dungeon Crawl Stone Soup version 0.19.5 (webtiles) character file.

67 EvilAshe the Bolt Thrower (level 3, -2/29 HPs)
             Began as a Deep Dwarf Hunter on Apr 25, 2017.
             Was an Initiate of Hepliaklqana.
             Slain by Sigmund
             ... wielding a +3 vampiric scythe
              (11 damage)
             ... on level 2 of the Dungeon.
             The game lasted 00:04:42 (1316 turns).

EvilAshe the Bolt Thrower (Deep Dwarf Hunter)       Turns: 1316, Time: 00:04:43

Health: -2/29      AC:  4    Str: 15    XL:     3   Next: 98%
Magic:  3/3        EV: 13    Int: 11    God:    Hepliaklqana [......]
Gold:   97         SH:  0    Dex: 14    Spells: 0 memorised, 2 levels left

rFire  . . .     SeeInvis .     a - +1 hand crossbow
rCold  . . .     Gourm    .     c - +0 leather armour
rNeg   . . .     Faith    .     (no shield)
rPois  .         Spirit   .     (no helmet)
rElec  .         Reflect  .     (no cloak)
rCorr  .         Harm     .     g - +0 pair of gloves
MR     .....                    (no boots)
Stlth  ++........               (no amulet)
                                (no ring)
                                (no ring)

@: non-regenerating
A: damage resistance, recharge devices, reduced essence, sense surroundings 1,
slow regeneration 3
a: Device Recharging, Recall Ancestor, Ancestor Identity, Renounce Religion


You were on level 2 of the Dungeon.
You worshipped Hepliaklqana.
Hepliaklqana was noncommittal.
You were hungry.

You visited 1 branch of the dungeon, and saw 2 of its levels.

You collected 97 gold pieces.

Inventory:

Hand Weapons
 a - a +1 hand crossbow (weapon)
 b - a +0 spear
Missiles
 d - 6 bolts (quivered)
Armour
 c - a +0 leather armour (worn)
 g - a +0 pair of gloves (worn)
Jewellery
 r - an uncursed ring of stealth {unknown}
Wands
 e - a wand of heal wounds (4/9)
Scrolls
 l - 2 scrolls of identify {unknown}
 m - a scroll of blinking {unknown}
 n - a scroll of remove curse {unknown}
 o - a scroll of amnesia {unknown}
 q - a scroll of fog {unknown}
 s - 2 scrolls of random uselessness {unknown}
 t - a scroll of enchant weapon {unknown}
Potions
 j - 2 potions of agility {unknown}
 k - a potion of might {unknown}
 p - a potion of brilliance {unknown}
Comestibles
 f - 2 bread rations
 h - a meat ration
 i - 7 chunks of flesh


   Skills:
 + Level 2.4 Fighting
 * Level 5.2 Crossbows
 + Level 3.2 Dodging
 - Level 1.2 Stealth


You had 2 spell levels left.
You didn't know any spells.

Dungeon Overview and Level Annotations

Branches:
Dungeon (2/15)

Altars:
Cheibriados
Hepliaklqana
Kikubaaqudgha
Nemelex Xobeh
Trog
The Shining One

Annotations:
D:2 Sigmund


Innate Abilities, Weirdness & Mutations

You are resistant to damage.
You can recharge devices by infusing magical energy.
You passively map a small area around you.
You do not regenerate.
Your life essence is reduced. (-10% HP)


Message History

Aim: Sigmund, wielding a vampiric scythe and wearing a robe (heavily wounded)
You shoot a bolt. The bolt closely misses Sigmund.
Sigmund mumbles some strange words.
Sigmund flickers and vanishes!
No target in view!
No target in view!
No target in view!
Firing (i - inventory):
d - 10 bolts (quivered)
Press: ? - help, Shift-Dir - straight line You shoot a bolt.
Something hits you.
Firing (i - inventory):
d - 9 bolts (quivered)
Press: ? - help, Shift-Dir - straight line You shoot a bolt.
Something hits you.
Firing (i - inventory):
d - 8 bolts (quivered)
Press: ? - help, Shift-Dir - straight line You shoot a bolt.
Firing (i - inventory):
d - 7 bolts (quivered)
Press: ? - help, Shift-Dir - straight line You shoot a bolt.
Something hits you!
You die...

#.####.#.#.......##.#
#........#.......##.#
#........#.......##.#
#........#......).#.#
#........#........#.########
#####...........................
#...#........##.......#.##.#####
#.#.########.#........#.##..####
#.#.#....÷<#.#.@....#.#........#
#.#.#.######.#......#.#..##'##..
#.#........#.#{#.####...##≈.≈##.
#.##.......#.#(#.####..##≈≈.≈§##
#..[.......#.#.#......##≈≈§..§§#
####.......#.#(#####..##≈...§.≈#
###.......#.#.....@.##8_§._.._8
###.......[...#######.######8####
#......######## #.# #.#####.#


There were no monsters in sight!

Vanquished Creatures
  2 adders (D:2)
  An ooze (D:1)
  A worm (D:2)
  3 bats
  6 goblins
  6 hobgoblins
  6 kobolds (D:1)
  A ball python (D:1)
  2 frilled lizards
  6 rats
34 creatures vanquished.

Vanquished Creatures (collateral kills)
  A worm (D:2)
  A hobgoblin (D:2)
  2 quokkas (D:2)
  A rat (D:2)
5 creatures vanquished.

Vanquished Creatures (others)
  An ancestor (D:2)
1 creature vanquished.

Grand Total: 40 creatures vanquished

Notes
Turn   | Place    | Note
-------+----------+-------------------------------------------
     0 | D:1      | EvilAshe the Deep Dwarf Hunter began the quest for the Orb.
     0 | D:1      | Reached XP level 1. HP: 19/19 MP: 1/1
   152 | D:1      | Reached XP level 2. HP: 21/26 MP: 2/2
   668 | D:1      | Reached XP level 3. HP: 20/32 MP: 3/3
   981 | D:2      | Reached skill level 5 in Crossbows
  1029 | D:2      | Found a bloodstained altar of Trog.
  1029 | D:2      | Found a glowing golden altar of the Shining One.
  1030 | D:2      | Found a hazy altar of Hepliaklqana.
  1036 | D:2      | Became a worshipper of Hepliaklqana the Forgotten
  1147 | D:2      | Found a snail-covered altar of Cheibriados.
  1150 | D:2      | Found an ancient bone altar of Kikubaaqudgha.
  1153 | D:2      | Found a sparkling altar of Nemelex Xobeh.
  1256 | D:2      | Noticed Sigmund
  1316 | D:2      | Slain by Sigmund

Skill      XL: |  1  2  3 |
---------------+----------+-----
Fighting       | 2 |  2.4
Crossbows      | 5 |  5.2
Dodging        | 3 |  3.2
Stealth        | |  1.2

Action                   || total
-------------------------++-------
Melee: Spear             ||   145
 Fire: Hand crossbow     ||    27
Evoke: Wand              ||     1
 Stab: Sleeping          ||     1
  Eat: Chunk             ||     1
Armor: Leather armour    ||    32
Dodge: Dodged            ||    79
